 Dungeon Crawl Stone Soup version 0.29.1-15-g9cfb28693d (webtiles) character file.

Game seed: 148302966895590582

28 protoss039 the Digger (level 3, 26/26 HPs)
             Began as a Demonspawn Earth Elementalist on Mar 15, 2023.
             Got out of the dungeon alive.
             The game lasted 00:01:27 (1126 turns).

protoss039 the Digger (DsEE)                        Turns: 1126, Time: 00:01:28

Health: 26/26      AC:  6    Str:  8    XL:     3   Next: 0%
Magic:  6/6        EV: 10    Int: 18    God:
Gold:   14         SH:  0    Dex: 13    Spells: 3/6 levels left

rFire   . . .      SeeInvis .   f - +0 short sword
rCold   . . .      Faith    .   (no shield)
rNeg    . . .      Spirit   .   l - +0 ring mail
rPois   .          Reflect  .   (helmet restricted)
rElec   .          Harm     .   e - +0 cloak
rCorr   .          Rampage  .   (no gloves)
Will    .....                   (no boots)
Stlth   +.........              (no amulet)
HPRegen 0.08/turn               (no ring)
MPRegen 0.10/turn               (no ring)

@: no status effects
A: horns 1, demonic magic 1
a: no special abilities


You escaped.
You visited 1 branch of the dungeon, and saw 2 of its levels.

You collected 14 gold pieces.

Inventory:

Hand Weapons
 f - a +0 short sword (weapon)
Armour
 e - a +0 cloak (worn)
 l - a +0 ring mail (worn)
Scrolls
 c - a scroll of poison {unknown}
 d - a scroll of vulnerability {unknown}
 g - a scroll of teleportation {unknown}
 k - a scroll of amnesia {unknown}
 m - a scroll of enchant weapon {unknown}
Potions
 a - 2 potions of curing {unknown}
 b - a potion of magic
 h - a potion of heal wounds {unknown}
 i - a potion of mutation {unknown}
 j - a potion of invisibility {unknown}


   Skills:
 * Level 1.4 Fighting
 * Level 0.5 Armour
 - Level 1.7 Dodging
 - Level 1.7 Stealth
 + Level 2.4 Spellcasting
 - Level 0.8 Transmutations
 + Level 3.0 Earth Magic


You had 3 spell levels left.
You knew the following spells:

 Your Spells              Type           Power      Damage    Failure   Level
a - Sandblast             Erth           26%        2d8       16%         1
b - Passwall              Tmut/Erth      7%         N/A       36%         2

Your spell library contained the following spells:

 Spells                   Type           Power      Damage    Failure   Level
 Summon Small Mammal      Summ           8%         N/A       47%         1
 Stone Arrow              Conj/Erth      14%        3d7       65%         3
 Call Canine Familiar     Summ           2%         N/A       85%         3
 Dazzling Flash           Conj/Hex       4%         N/A       85%         3
 Summon Guardian Golem    Hex/Summ       2%         N/A       85%         3
 Petrify                  Tmut/Erth      9%         N/A       94%         4
 Iskenderun's Mystic Bla  Conj/Tloc      2%         2d3       99%         4
 Starburst                Conj/Fire      1%         6d3       100%        6


Dungeon Overview and Level Annotations

Branches:
Dungeon (2/15) Zot: 10860

Altars:

Annotations:
D:2 1 runed translucent door, Crazy Yiuf


Innate Abilities, Weirdness & Mutations

You have a pair of small horns on your head.
Spells you cast may paralyse adjacent enemies.


Message History

A kobold comes into view. It is wielding a +0 dagger.
The kobold shouts!
A kobold is nearby!
A kobold is nearby!
A kobold is nearby!
A kobold is nearby!
You closely miss the kobold.
A bat comes into view.
The kobold hits you but does no damage.
The bat moves out of view.
A kobold is nearby!
You barely miss the kobold. The kobold hits you with a +0 dagger.
Casting: Sandblast (safe; 19% risk of failure)
Confirm with . or Enter, or press ? or * to list all spells.
Aiming: Sandblast (safe; 19% risk of failure)
Press: ? - help, Shift-Dir - straight line, f - kobold
Aim: a kobold, wielding a +0 dagger and quivering stones (77% to hit)
The blast of sand misses the kobold.
Malevolent energies surge around you.
The kobold suddenly stops moving!
Unknown command.
The helpless kobold fails to defend itself.
You hit the kobold.
You kill the kobold!
You have reached level 3!
Your experience leads to an increase in your attributes!
Increase (S)trength, (I)ntelligence, or (D)exterity?
You feel clever. x2; Your demonic ancestry asserts itself...
A pair of horns grows on your head!
Unknown command.
Found a stone staircase leading down.
There is a stone staircase leading up here.
You climb upwards.
There is a stone staircase leading down here.
Unknown command.
Unknown command.
HP restored.
There is a stone staircase leading down here.
There is an open door here.
There is a staircase leading out of the dungeon here.
Are you sure you want to leave the Dungeon?
This will make you lose the game!
You have escaped!

#######.##..............#
#.......##..............#
#.########..............#
#........#..###.######..#
########.#..# #.# #..#
....# #.#..###.### #..#
##.## #.#..##....# #..#
#.# #.#..##....# #.(#
#.#####.#..##..@.####..#
#....##.#..##..........#
#.......#..............#
#.##.####........####..#
#.##....#..##....# #..#
##.#####.#(.##[...# #..#
...#####.#..####.#####..#
......).....# #........#
........##..# #..####..#


There were no monsters in sight!

Vanquished Creatures
  A worm (D:2)
  2 dart slugs
  3 goblins
  2 hobgoblins (D:1)
  3 quokkas
  4 ball pythons
  3 bats
  A frilled lizard (D:2)
  2 kobolds (D:2)
  A rat (D:1)
22 creatures vanquished.

Notes
Turn   | Place    | Note
-------+----------+-------------------------------------------
     0 | D:1      | protoss039 the Demonspawn Earth Elementalist began the
                  | quest for the Orb.
     0 | D:1      | Reached XP level 1. HP: 13/13 MP: 3/3
   352 | D:1      | Gained mutation: Spells you cast may paralyse adjacent
                  | enemies. [demonic ancestry]
   352 | D:1      | Reached XP level 2. HP: 20/20 MP: 5/5
   442 | D:1      | Reached skill level 1 in Fighting
   685 | D:1      | Learned a level 2 spell: Passwall
   832 | D:2      | Reached skill level 3 in Earth Magic
   971 | D:2      | Found a runed translucent door.
   972 | D:2      | Noticed Crazy Yiuf
  1074 | D:2      | Gained mutation: You have a pair of small horns on your
                  | head. [demonic ancestry]
  1074 | D:2      | Reached XP level 3. HP: 24/26 MP: 4/6
  1126 | D:$      | Got out of the dungeon alive.

Illustrated notes

Levels and vault maps discovered:
D:1:      dpeg_arrival_boxes_within_box, layout_basic, minmay_tripent
D:2:      layout_basic, hellmonk_ecumenical_altar_blasted,
          wander_ebering_terrifying_dragon_lair, uniq_crazy_yiuf_cottage

Skill      XL: |  1  2 |
---------------+-------+-----
Fighting       | 1 |  1.4
Earth Magic    | 3 |  3.0
Armour         | |  0.5
Dodging        | |  1.7
Stealth        | |  1.7
Spellcasting   | |  2.4
Transmutations | |  0.8

Action                   || total
-------------------------++-------
Melee: Short sword       ||    43
 Cast: Sandblast         ||    19
 Stab: Paralysed         ||     4
Armor: Leather armour    ||     5
       Ring mail         ||     5
Dodge: Dodged            ||    28
